cohdb
Replays
Latest Replays
All Replays
Popular Replays
Top Player Replays
Match Explorer
How It Works
Community
CoH3 Stats
Reddit
Sign in to upload your games and track your stats! →
Sign in with Steam
Match 45991581
Unlisted
Match 45991581
Overview
Messages
Build Orders
End
Pioneer Squad
Selects Italian Coastal Battlegroup
Selects Coastal Reserves
Coastal Reserve
Coastal Reserve
Coastal Reserve
Construct Infanterie Kompanie
Selects Artillery Officer
Artillery Officer
Medical Bunker
Construct Panzergrenadier Kompanie
Panzergrenadier Squad
Selects Designate Defensive Line
Designate Defensive Line
Selects Rapid Fortifications
Rapid Fortifications
Medical Bunker
Pak 40 Anti-tank Gun Team
Rapid Fortifications
MG 42 Bunker
Construct Panzer Kompanie
Rapid Fortifications
Selects Bulwark
MG 42 Bunker
Panzer IV Medium Tank
Selects Obice da 210/22 Artillery Emplacement
Rapid Fortifications
MG 42 Bunker
Rapid Fortifications
MG 42 Bunker
Panzer IV Medium Tank
Rapid Fortifications
MG 42 Bunker
Rapid Fortifications
Medical Bunker
Treadz
oziligath
0
0
Comments
sign in to comment!
No comments posted yet!